 Dungeon Crawl Stone Soup version 0.18.1-6-gd335043 (webtiles) character file.

2230 dorian the Grappler (level 9, -4/80 HPs)
             Began as a Troll Monk on May 20, 2016.
             Killed from afar by an orc wizard (11 damage)
             ... with a magic dart
             ... on level 7 of the Dungeon.
             The game lasted 00:11:23 (5618 turns).

dorian the Grappler (Troll Monk)                    Turns: 5618, Time: 00:11:24

Health: -4/80      AC:  6    Str: 23    XL:     9   Next: 14%
Magic:  8/8        EV: 11    Int:  6    God:
Gold:   342        SH:  0    Dex:  9    Spells: 0 memorised, 8 levels left

rFire  . . .     SeeInvis .       - Unarmed
rCold  . . .     Gourm    +     a - +0 robe
rNeg   . . .     Faith    .     (no shield)
rPois  .         Spirit   .     (helmet restricted)
rElec  .         Dismiss  .     E - +0 cloak
rCorr  .         Reflect  .     (gloves unavailable)
SustAt .         Harm     +     (boots unavailable)
MR     .....                    L - amulet of harm
Stlth  +.........               (no ring)
                                J - +1 ring of protection

@: not resistant to hostile enchantments, very unstealthy
A: unfitting armour, claws 3, clumsy 2, deformed body, fast metabolism 3,
gourmand, regeneration 2, shaggy fur 1, tough skin 2
a: no special abilities


You were on level 7 of the Dungeon.
You were very full.

You visited 2 branches of the dungeon, and saw 8 of its levels.

You collected 342 gold pieces.

Inventory:

Missiles
 m - 5 javelins (quivered)
Armour
 a - a +0 robe (worn)
 E - a +0 cloak (worn)
   (You took it off Crazy Yiuf on level 5 of the Dungeon)
Jewellery
 J - a +1 ring of protection (left claw)
   (You found it on level 6 of the Dungeon)
 L - an amulet of harm (around neck)
   (You found it on level 7 of the Dungeon)
Wands
 o - a wand of digging (13/24)
   (You found it on level 3 of the Dungeon)
 p - a wand of confusion (27/48)
   (You found it on level 3 of the Dungeon)
 w - a wand of polymorph (8/24)
   (You found it on level 4 of the Dungeon)
 y - a wand of digging (11/24)
   (You found it on level 5 of the Dungeon)
 C - a wand of polymorph (7/24)
   (You took it off Crazy Yiuf on level 5 of the Dungeon)
 H - a wand of polymorph (13/24)
   (You found it on level 6 of the Dungeon)
Scrolls
 d - 7 scrolls of teleportation {unknown}
 e - 6 scrolls of identify {unknown}
 f - 2 scrolls of blinking {unknown}
 i - 3 scrolls of amnesia {unknown}
 j - a scroll of fog {unknown}
 k - 3 scrolls of immolation {unknown}
 l - a scroll of remove curse {unknown}
 r - a scroll of enchant weapon {unknown}
 s - a scroll of enchant armour {unknown}
 F - 2 scrolls of fear {unknown}
 G - a scroll of summoning {unknown}
 I - a scroll of silence {unknown}
Potions
 c - 2 potions of ambrosia
 g - 2 potions of berserk rage {unknown}
 h - 2 potions of curing
 t - a potion of might {unknown}
 v - a potion of cure mutation {unknown}
 x - a potion of mutation
 z - 2 potions of cancellation {unknown}
 B - a potion of flight {unknown}
 D - 2 potions of heal wounds {unknown}
 K - a potion of degeneration {unknown}
Comestibles
 b - 6 bread rations
 n - 2 fruits
 q - 6 beef jerkies
 u - a slice of pizza
 A - 4 meat rations


   Skills:
 - Level 2.4 Fighting
 + Level 6.1 Dodging
 - Level 1.1 Stealth
 * Level 10.8 Unarmed Combat


You had 8 spell levels left.
You didn't know any spells.

Dungeon Overview and Level Annotations

Branches:
Dungeon (7/15)             Temple (1/1) D:4

Altars:
Ashenzari
Dithmenos
Elyvilon
Fedhas
Gozag
Kikubaaqudgha
Makhleb
Nemelex Xobeh
Okawaru
Pakellas
Qazlal
Ru
Sif Muna
Trog
Vehumet
Xom
Yredelemnul
Zin
The Shining One


Innate Abilities, Weirdness & Mutations

You are too large for most types of armour.
You have claws for hands.
Your metabolism is lightning-fast.
You like to eat raw meat.
You heal very quickly.
You are covered in fur (AC +1).
You have very tough skin (AC +2).
You are very clumsy. (Dex -4)
Armour fits poorly on your strangely shaped body.


Message History

* * * LOW HITPOINT WARNING * * *
The orc wizard hits you but does no damage.
You mangle the orc wizard!!
You kill the orc wizard!
The orc wizard hits you but does no damage.
The orc hits you but does no damage. x2
You barely miss the orc wizard.
The orc wizard is lightly wounded.
The orc wizard points at you and mumbles some strange words.
The magic dart hits you!
* * * LOW HITPOINT WARNING * * *
The scorpion misses you.
The orc hits you with a mace of protection.
* * * LOW HITPOINT WARNING * * *
The orc misses you. The orc wizard completely misses you.
Things that are here:
a dagger; a robe You barely miss the orc.
Your claw misses the orc. The orc barely misses you.
The orc hits you with a trident.
* * * LOW HITPOINT WARNING * * *
The orc wizard hits you with a dagger.
* * * LOW HITPOINT WARNING * * *
The scorpion stings you!
* * * LOW HITPOINT WARNING * * *
Drink which item? (? for menu, Esc to quit)
It was a potion of ambrosia.
You are confused.
You feel invigorated.
The orc wizard hits you but does no damage.
The centaur unwields an uncursed shortbow.
The centaur barely misses you. The orc closely misses you.
The orc hits you but does no damage. The scorpion barely misses you.
The orc wizard hits you but does no damage.
Drink which item? (? for menu, Esc to quit)
It was a potion of curing.
You feel better.
You feel less invigorated. The centaur hits you.
* * * LOW HITPOINT WARNING * * *
The orc wizard hits you but does no damage.
The scorpion closely misses you. The orc closely misses you.
The orc hits you with a mace of protection.
* * * LOW HITPOINT WARNING * * *
The centaur hits you.
* * * LOW HITPOINT WARNING * * *
Unknown command.
Drink which item? (? for menu, Esc to quit)
It was a potion of mutation.
You feel extremely strange.
Your body twists and deforms.
You feel clumsy. x2
The orc wizard gestures at you while chanting.
The magic dart hits you!
You die...

###.
#..#...####...
##%..#
#............#
##.....##
#.########....
#.......###.#
##..#
.........##.###
#(.#
..............#
#>.#
.......(.(###.#
#.<#
#.....co#># .#
#..#
#......@#.# #
#..#
#.....soo.#
...#
#.......###
.....(.##
#.#...# # ##..
###


You could see a centaur, a scorpion, an orc wizard and 2 orcs.

Vanquished Creatures
  Pikel (D:5)
  Grinder (D:5)
  Eustachio (D:5)
  A water moccasin (D:6)
  Duvessa (D:5)
  A sky beast (D:4)
  A slave (D:5)
  A black bear (D:5)
  An ogre (D:5)
  2 centaurs (D:5)
  A giant frog (D:6)
  Blork the orc (D:5)
  Dowan (D:5)
  A howler monkey (D:5)
  2 crimson imps
  A giant frog zombie (D:5)
  A giant frog skeleton (D:7)
  Crazy Yiuf (D:5)
  5 orc wizards
  An iguana (D:4)
  2 worker ants (D:6)
  A killer bee zombie (D:7)
  8 adders
  A shadow imp (D:6)
  2 oozes
  4 dart slugs
  4 giant geckos
  10 orcs
  4 giant cockroaches
  7 goblins
  8 hobgoblins
  4 jackals (D:5)
  5 kobolds
  5 quokkas
  10 bats
  7 giant newts
  2 gnoll zombies (D:4)
  A jackal skeleton (D:4)
  6 rats
117 creatures vanquished.

Notes
Turn   | Place    | Note
--------------------------------------------------------------
     0 | D:1      | dorian the Troll Monk began the quest for the Orb.
     0 | D:1      | Reached XP level 1. HP: 22/22 MP: 0/0
   136 | D:1      | Reached XP level 2. HP: 25/29 MP: 1/1
   280 | D:1      | Found a sparkling altar of Nemelex Xobeh.
   878 | D:2      | Reached XP level 3. HP: 30/36 MP: 2/2
   935 | D:2      | Reached skill level 5 in Unarmed Combat
  1647 | D:2      | Reached XP level 4. HP: 43/44 MP: 3/3
  1748 | D:3      | Reached skill level 3 in Dodging
  1841 | D:3      | Found a deep blue altar of Sif Muna.
  2250 | D:3      | Found a white marble altar of Elyvilon.
  2450 | D:4      | Found a staircase to the Ecumenical Temple.
  2458 | D:4      | Reached XP level 5. HP: 50/50 MP: 4/4
  2475 | Temple   | Entered the Ecumenical Temple
  2810 | D:4      | Reached skill level 6 in Unarmed Combat
  2830 | D:4      | Noticed a sky beast
  2839 | D:4      | HP: 22/50 [sky beast (5)]
  2841 | D:4      | Killed a sky beast
  2841 | D:4      | Reached XP level 6. HP: 27/59 MP: 5/5
  3036 | D:4      | Found a shimmering altar of Xom.
  3133 | D:4      | Found a basalt altar of Yredelemnul.
  3434 | D:5      | Entered Level 5 of the Dungeon
  3434 | D:5      | Noticed Duvessa
  3434 | D:5      | Noticed Dowan
  3434 | D:5      | Noticed Blork the orc
  3734 | D:5      | Noticed a slave
  3737 | D:5      | Noticed Pikel
  3757 | D:5      | HP: 28/59 [slave[Pikel] (3)]
  3759 | D:5      | Killed a slave
  3815 | D:5      | Noticed a slave
  3833 | D:5      | Noticed a slave
  3835 | D:5      | Killed Pikel
  3835 | D:5      | Reached skill level 4 in Dodging
  3835 | D:5      | Reached skill level 8 in Unarmed Combat
  3835 | D:5      | Reached XP level 7. HP: 66/66 MP: 6/6
  3876 | D:5      | Killed Dowan
  3884 | D:5      | HP: 32/66 [Duvessa/short sword (11)]
  3885 | D:5      | Killed Duvessa
  3927 | D:5      | Reached XP level 8. HP: 56/74 MP: 7/7
  3982 | D:5      | Noticed Eustachio
  3992 | D:5      | Reached skill level 5 in Dodging
  3992 | D:5      | Reached skill level 9 in Unarmed Combat
  4035 | D:5      | Killed Eustachio
  4076 | D:5      | Noticed Grinder
  4084 | D:5      | Killed Grinder
  4106 | D:5      | Noticed Crazy Yiuf
  4112 | D:5      | Killed Crazy Yiuf
  4336 | D:5      | Killed Blork the orc
  4336 | D:5      | Reached skill level 10 in Unarmed Combat
  4387 | D:5      | HP: 36/74 [centaur (3)]
  5034 | D:6      | Reached skill level 6 in Dodging
  5119 | D:6      | Reached XP level 9. HP: 77/80 MP: 8/8
  5179 | D:6      | Found an ancient bone altar of Kikubaaqudgha.
  5605 | D:7      | HP: 39/80 [orc/trident (3)]
  5610 | D:7      | HP: 25/80 [orc wizard/dagger (1)]
  5615 | D:7      | HP: 16/80 [orc/trident (1)]
  5615 | D:7      | HP: 2/80 [scorpion (11)]
  5618 | D:7      | Gained mutation: Armour fits poorly on your strangely shaped body. [potion of mutation]
  5618 | D:7      | Gained mutation: You are clumsy. (Dex -2) [potion of mutation]
  5618 | D:7      | Gained mutation: You are very clumsy. (Dex -4) [potion of mutation]
  5618 | D:7      | Killed from afar by an orc wizard

Skill      XL: |  1  2  3  4  5  6  7  8 |
---------------+-------------------------+-----
Unarmed Combat | 5 6 8 10 | 10.8
Dodging        | 3 4 6 |  6.1
Fighting       | |  2.4
Stealth        | |  1.1

Action                   |  1- 3 |  4- 6 |  7- 9 || total
-------------------------+-------+-------+-------++-------
Melee: Unarmed           |    75 |   121 |   118 ||   314
       Punch             |     1 |     3 |     8 ||    12
Throw: Javelin           |       |     1 |       ||     1
Evoke: Wand              |       |     3 |       ||     3
  Use: Potion            |       |       |     3 ||     3
 Stab: Sleeping          |     1 |     3 |       ||     4
       Confused          |       |     1 |       ||     1
  Eat: Chunk             |    15 |    24 |    17 ||    56
Armor: Robe              |    36 |    30 |    34 ||   100
Dodge: Dodged            |    37 |    49 |    73 ||   159
